 Dungeon Crawl Stone Soup version 0.30-a0-1093-gcfb1e0cf12 (webtiles) character file.

Game seed: 10822660553193690478

77 Kusto the Slasher (level 4, 0/41 HPs)
             Began as a Gnoll Cinder Acolyte on Apr 16, 2023.
             Was a High Priest of Ignis.
             Succumbed to a gnoll's poison
             ... on level 3 of the Dungeon on Apr 17, 2023.
             The game lasted 00:25:09 (1917 turns).

Kusto the Slasher (Gnoll Cinder Acolyte)            Turns: 1917, Time: 00:25:09

Health: 0/41       AC:  3    Str: 13    XL:     4   Next: 34%
Magic:  3/8        EV: 11    Int: 13    God:    Ignis [*****.]
Gold:   46         SH:  0    Dex: 10    Spells: 7/9 levels left

rFire   + . .      SeeInvis .    a - -1 falchion (flame)
rCold   . . .      Faith    .    (no shield)
rNeg    . . .      Spirit   .    b - +0 robe
rPois   .          Reflect  .    (no helmet)
rElec   .          Rampage  .    g - +0 cloak
rCorr   .                        (no gloves)
Will    .....                    (no boots)
Stlth   +                        (no amulet)
HPRegen 0.26/turn                (no ring)
MPRegen 0.11/turn                (no ring)

@: lethally poisoned (0 -> -7), attractive, hasted, very quick
A: fangs 1, strong nose, distributed training
a: Renounce Religion, Fiery Armour, Foxfire Swarm, Rising Flame


You were on level 3 of the Dungeon.
You worshipped Ignis.
Ignis was extremely pleased with you.
You visited 1 branch of the dungeon, and saw 3 of its levels.

You collected 72 gold pieces.
You spent 26 gold pieces at shops.

Inventory:

Hand Weapons
 a - a -1 falchion of flaming (weapon)
Missiles
 f - 19 stones (quivered)
Armour
 b - a +0 robe (worn)
 g - a +0 cloak (worn)
Scrolls
 i - a scroll of noise
 j - 3 scrolls of amnesia {unknown}
 k - a scroll of enchant armour {unknown}
 l - a scroll of fear {unknown}
Potions
 c - a potion of lignification
 d - a potion of flight
 h - a potion of might {unknown}
 m - a potion of attraction


   Skills:
 + Level 6.6 Fighting
 + Level 1.1 Short Blades
 + Level 6.6 Long Blades
 + Level 1.1 Axes
 + Level 1.1 Maces & Flails
 + Level 1.1 Polearms
 + Level 1.1 Staves
 + Level 1.1 Ranged Weapons
 + Level 1.1 Throwing
 + Level 1.1 Armour
 + Level 1.1 Dodging
 + Level 1.1 Stealth
 + Level 1.1 Shields
 + Level 1.1 Unarmed Combat
 + Level 3.0 Spellcasting
 + Level 0.9 Conjurations
 + Level 0.9 Hexes
 + Level 0.9 Summonings
 + Level 0.9 Necromancy
 + Level 0.9 Translocations
 + Level 0.9 Transmutations
 + Level 5.4 Fire Magic
 + Level 0.9 Ice Magic
 + Level 0.9 Air Magic
 + Level 0.9 Earth Magic
 + Level 0.9 Poison Magic
 + Level 1.2 Invocations
 + Level 1.1 Evocations


You had 7 spell levels left.
You knew the following spells:

 Your Spells              Type           Power      Damage    Failure   Level
a - Scorch                Fire           32%        2d6       3%          2

Your spell library contained the following spells:

 Spells                   Type           Power      Damage    Failure   Level
 Kiss of Death            Conj/Necr      16%        2d6       16%         1
 Confusing Touch          Hex            4%         N/A       43%         3
 Dispel Undead            Necr           4%         3d7       83%         4


Dungeon Overview and Level Annotations

Branches:
Dungeon (3/15)

Altars:

Shops:
D:2 ?


Innate Abilities, Weirdness & Mutations

You have very sharp teeth.
Your uncanny sense of smell can sniff out nearby items.
Your experience applies equally to all skills.


Message History

A goblin comes into view. It is wielding a +0 dagger.
You open the door.
An adder comes into view.
Found a dagger.
There is an open door here.
Casting: Scorch (safe; 3% risk of failure)
Confirm with . or Enter, or press ? or * to list all spells.
Flames lash the adder.
You kill the adder!
Your Spellcasting skill increases to level 3!
You open the large door. 4 gnolls come into view.
A gnoll is wielding a +2 spear of venom.
The gnoll shouts! x2
The gnoll closely misses you.
There is a large open door here.
Casting: Scorch (safe; 3% risk of failure)
Confirm with . or Enter, or press ? or * to list all spells.
Flames lash the gnoll.
The gnoll is moderately wounded.
The gnoll's fire resistance burns away.
The gnoll shouts!
The gnoll hits you with a +0 flail!
Casting: Scorch (safe; 3% risk of failure)
Confirm with . or Enter, or press ? or * to list all spells.
Flames lash the gnoll.
The gnoll is burned terribly!
You kill the gnoll!
The gnoll hits you from afar with a +2 spear of venom.
You are poisoned.
The gnoll hits you with a +0 flail!
It was a potion of attraction.
You feel attractive to monsters.
You feel very sick.
The gnoll hits you from afar with a +2 spear of venom.
The gnoll misses you.
It was a potion of haste.
You feel yourself speed up.
You feel very sick. The gnoll closely misses you.
The gnoll hits you with a +0 flail!
* * * LOW HITPOINT WARNING * * *
You die...

#..............####.#
#..............# #.#
#..............####.#
#..............'....#
...............######
∆ ####..........#
###'######## .#+##
#......#
#.....##@.....#
#....gg'...†..#
#....g##......# #####
#......# #......#
#.....)# #......#
#......# ########


You could see 3 gnolls.

Vanquished Creatures
  3 adders
  A gnoll (D:3)
  A worm (D:2)
  4 ball pythons
  3 bats (D:2)
  4 endoplasms
  2 goblins
  5 hobgoblins
  2 jackals (D:2)
  2 quokkas
  3 frilled lizards
  5 kobolds
  3 rats
38 creatures vanquished.

Notes
Turn   | Place    | Note
-------+----------+-------------------------------------------
     0 | D:1      | Kusto the Gnoll Cinder Acolyte began the quest for the Orb.
     0 | D:1      | Reached XP level 1. HP: 23/23 MP: 4/4
    70 | D:1      | Reached XP level 2. HP: 21/29 MP: 5/5
    78 | D:1      | Learned a level 2 spell: Scorch
   520 | D:1      | Upgraded the game from 0.30-a0-1085-g990a428a5c to
                  | 0.30-a0-1093-gcfb1e0cf12
   918 | D:2      | Found Edod's Magic Scroll Shop.
   922 | D:2      | Bought a scroll of identify for 26 gold pieces
   976 | D:2      | Reached XP level 3. HP: 35/35 MP: 1/7
   995 | D:2      | Reached skill level 1 in Invocations
  1383 | D:2      | Reached skill level 1 in Short Blades
  1383 | D:2      | Reached skill level 1 in Axes
  1383 | D:2      | Reached skill level 1 in Maces & Flails
  1383 | D:2      | Reached skill level 1 in Polearms
  1383 | D:2      | Reached skill level 1 in Staves
  1383 | D:2      | Reached skill level 1 in Ranged Weapons
  1383 | D:2      | Reached skill level 1 in Throwing
  1383 | D:2      | Reached skill level 1 in Armour
  1383 | D:2      | Reached skill level 1 in Dodging
  1383 | D:2      | Reached skill level 1 in Stealth
  1383 | D:2      | Reached skill level 1 in Shields
  1383 | D:2      | Reached skill level 1 in Unarmed Combat
  1383 | D:2      | Reached skill level 1 in Evocations
  1593 | D:2      | Reached XP level 4. HP: 41/41 MP: 4/8
  1916 | D:3      | HP: 1/41 [gnoll/+0 flail (10)]
  1917 | D:3      | Succumbed to a gnoll's poison

Illustrated notes

Levels and vault maps discovered:
D:1:      erik_arrival_blinker_ship, layout_basic
D:2:      layout_rooms, serial_shops, nicolae_shop_rolled_up,
          minmay_close_crescents
D:3:      layout_basic, gammafunk_temple_overflow_forgotten, chequers_jeans

Skill      XL: |  1  2  3  4 |
---------------+-------------+-----
Invocations    | 1 |  1.2
Short Blades   | 1 |  1.1
Axes           | 1 |  1.1
Maces & Flails | 1 |  1.1
Polearms       | 1 |  1.1
Staves         | 1 |  1.1
Ranged Weapons | 1 |  1.1
Throwing       | 1 |  1.1
Armour         | 1 |  1.1
Dodging        | 1 |  1.1
Stealth        | 1 |  1.1
Shields        | 1 |  1.1
Unarmed Combat | 1 |  1.1
Evocations     | 1 |  1.1
Spellcasting   | 3 |  3.0
Fighting       | |  6.6
Long Blades    | |  6.6
Conjurations   | |  0.9
Hexes          | |  0.9
Summonings     | |  0.9
Necromancy     | |  0.9
Translocations | |  0.9
Transmutations | |  0.9
Fire Magic     | |  5.4
Ice Magic      | |  0.9
Air Magic      | |  0.9
Earth Magic    | |  0.9
Poison Magic   | |  0.9

Action                     |  1- 3 |  4- 6 || total
---------------------------+-------+-------++-------
  Melee: Falchion          |    72 |     1 ||    73
         Bite              |     2 |       ||     2
         Punch             |     2 |       ||     2
   Cast: Scorch            |    12 |     4 ||    16
    Use: Scroll            |     5 |       ||     5
         Potion            |       |     2 ||     2
   Stab: Sleeping          |     2 |       ||     2
 Armour: Robe              |    21 |       ||    21
  Dodge: Dodged            |    34 |     3 ||    37

Table legend: (Time is in decaauts)
 A = Elapsed time spent in this place.
 B = Non-inter-level travel time spent in this place.
 C = Inter-level travel time spent in this place.
 D = Time resting spent in this place.
 E = Time spent auto-exploring this place.
 F = Levels seen in this place.
 G = Mean time per level.
                   A        B        C        D        E       F      G
               +--------+--------+--------+--------+--------+-----+--------+
         Total |   1914 |   1914 |      0 |    125 |      0 |   3 |  638.0 |
       Dungeon |   1914 |   1914 |      0 |    125 |      0 |   3 |  638.0 |
               +--------+--------+--------+--------+--------+-----+--------+

Top non-repeatable levels by time:
     D:2: 991 daAuts
     D:1: 873 daAuts
     D:3: 49 daAuts
